 Dungeon Crawl Stone Soup version 0.19.4 (webtiles) character file.

113 Raymar the Magician (level 4, 0/24 HPs)
             Began as a Deep Elf Wizard on Feb 5, 2017.
             Slain by a goblin (6 damage)
             ... led by Robin
             ... on level 4 of the Dungeon.
             The game lasted 00:11:17 (2990 turns).

Raymar the Magician (Deep Elf Wizard)               Turns: 2990, Time: 00:11:17

Health: 0/24       AC:  2    Str:  2      XL:     4   Next: 65%
Magic:  9/14       EV: 13    Int: 23 (24) God:
Gold:   71         SH:  0    Dex: 12 (13) Spells: 4 memorised, 7 levels left

rFire  + + .     SeeInvis .     p - +3 quarterstaff (chaos)
rCold  . . .     Gourm    .     t - -1 robe (curse)
rNeg   . . .     Faith    .     (shield currently unavailable)
rPois  .         Spirit   .     b - +0 hat
rElec  .         Reflect  .     q - +0 cloak
rCorr  +         Harm     .     (no gloves)
MR     .....                    (no boots)
Stlth  ++........               (no amulet)
                                l - ring of resist corrosion
                                d - ring of protection from fire

@: very slightly contaminated
A: fire resistance 1, slow regeneration 1, weak 1
a: no special abilities


You were on level 4 of the Dungeon.
You were not hungry.

You visited 1 branch of the dungeon, and saw 4 of its levels.

You collected 71 gold pieces.

Inventory:

Hand Weapons
 p - a +3 quarterstaff of chaos (weapon)
Armour
 a - a +1 robe
 b - a +0 hat (worn)
 h - a +2 buckler
 q - a +0 cloak (worn)
 t - a cursed -1 robe (worn)
Jewellery
 d - a ring of protection from fire (left hand)
 l - a ring of resist corrosion (right hand)
Wands
 o - a wand of polymorph (13/24)
Scrolls
 j - a scroll of recharging
 r - 2 scrolls of teleportation
Potions
 n - a potion of berserk rage
Books
 c - a book of Minor Magic

   Spells                             Type                      Level
   a - Magic Dart                     Conjuration                  1
   b - Blink                          Translocation                2
   c - Call Imp                       Summoning                    2
   d - Repel Missiles                 Charms/Air                   2
   e - Slow                           Hexes                        2
   f - Conjure Flame                  Conjuration/Fire             3
   g - Mephitic Cloud                 Conjuration/Poison/Air       3
Comestibles
 m - 3 bread rations


   Skills:
 * Level 0.4 Staves
 + Level 2.8 Dodging
 + Level 2.4 Stealth
 + Level 6.0 Spellcasting
 + Level 1.3 Conjurations
 * Level 2.5 Summonings
 * Level 1.5 Translocations
 * Level 0.9 Fire Magic


You had 7 spell levels left.
You knew the following spells:

 Your Spells              Type           Power        Failure   Level  Hunger
a - Magic Dart            Conj           ##..         6%          1    None
b - Call Imp              Summ           ###.....     4%          2    None
c - Blink                 Tloc           N/A          10%         2    None
d - Conjure Flame         Conj/Fire      ##......     17%         3    #......


Dungeon Overview and Level Annotations

Branches:
Dungeon (4/15)
 Temple: D:4-7

Altars:
Ashenzari

Annotations:
D:4 Robin


Innate Abilities, Weirdness & Mutations

Your flesh is heat resistant. (rF+)
You regenerate slowly when monsters are visible.
You are weak. (Str -2)


Message History

The goblin hits your shadow imp with a club.
The goblin barely misses your shadow imp.
The goblin hits your shadow imp with a dagger.
The goblin barely misses you.
Your shadow imp barely misses the goblin.
The goblin barely misses you. The goblin hits your shadow imp.
Your shadow imp dies!
Your crimson imp hits the hobgoblin.
The goblin hits you.
You open the door. The goblin hits you. The goblin closely misses you.
The goblin hits you but does no damage. The goblin barely misses you.
Robin throws the goblin at you! The goblin hits you.
* * * LOW HITPOINT WARNING * * *
The goblin misses you. x2
There is an open door here.
You sock the goblin!
You kill the goblin!
Robin says, "Kneel, worm!"
The goblin barely misses you. The goblin hits you.
You die...

#+## ##...##
##.....## #
##gg.....##
#...####ggg.5....#
......)@gggg.....+
#...####g.g......#
# ##.......##
##.....## ##...##
#+##


You could see Robin, a hobgoblin, 9 goblins and a friendly crimson imp.

Vanquished Creatures
  An adder (D:3)
  A dart slug (D:1)
  A leopard gecko (D:1)
  5 orcs (D:3)
  2 bats
  A giant cockroach (D:1)
  9 goblins
  9 hobgoblins
  A jackal (D:2)
  4 kobolds
  2 quokkas (D:2)
  4 frilled lizards
  4 rats
44 creatures vanquished.

Vanquished Creatures (collateral kills)
  Crazy Yiuf (D:2)
  An orc priest (D:3)
  2 worms
  7 orcs (D:3)
  A goblin (D:3)
  2 jackals (D:2)
  A kobold (D:3)
15 creatures vanquished.

Grand Total: 59 creatures vanquished

Notes
Turn   | Place    | Note
-------+----------+-------------------------------------------
     0 | D:1      | Raymar the Deep Elf Wizard began the quest for the Orb.
     0 | D:1      | Reached XP level 1. HP: 10/10 MP: 7/7
   117 | D:1      | Reached skill level 5 in Spellcasting
   131 | D:1      | Reached XP level 2. HP: 15/15 MP: 0/10
   238 | D:1      | Found a shattered altar of Ashenzari.
   370 | D:1      | Learned a level 2 spell: Call Imp
   373 | D:1      | Learned a level 2 spell: Blink
   990 | D:2      | Reached XP level 3. HP: 19/19 MP: 1/11
   995 | D:2      | Learned a level 3 spell: Conjure Flame
  1118 | D:2      | Found a runed door.
  1194 | D:2      | Noticed Crazy Yiuf
  1203 | D:2      | Killed Crazy Yiuf
  1860 | D:3      | Gained mutation: Your flesh is heat resistant. (rF+) [potion of mutation]
  1860 | D:3      | Gained mutation: You are weak. (Str -2) [potion of mutation]
  1860 | D:3      | Gained mutation: You regenerate slowly when monsters are visible. [potion of mutation]
  2245 | D:3      | Reached XP level 4. HP: 23/24 MP: 10/13
  2549 | D:3      | Reached skill level 6 in Spellcasting
  2982 | D:4      | Noticed Robin
  2990 | D:4      | Slain by a goblin

Skill      XL: |  1  2  3  4 |
---------------+-------------+-----
Spellcasting   | 5 6 |  6.0
Summonings     | 2 |  2.5
Staves         | |  0.4
Dodging        | |  2.8
Stealth        | |  2.4
Conjurations   | |  1.3
Translocations | |  1.5
Fire Magic     | |  0.9

Action                   |  1- 3 |  4- 6 || total
-------------------------+-------+-------++-------
Melee: Unarmed           |     2 |       ||     2
       Quarterstaff      |     7 |    15 ||    22
 Cast: Magic Dart        |    70 |    13 ||    83
       Call Imp          |    18 |    12 ||    30
  Use: Scroll            |     9 |     3 ||    12
       Potion            |     2 |     7 ||     9
  Eat: Bread ration      |     1 |       ||     1
       Meat ration       |     1 |       ||     1
Armor: Robe              |     5 |     3 ||     8
Dodge: Dodged            |    22 |    23 ||    45
